 Dungeon Sprint DCSS version 0.23.1 (webtiles) character file.

Game seed: 10283189385664285514

22168090 nuthulu the Wrestler (level 18, 210/210 (218) HPs)
             Began as a Troll Monk on Mar 6, 2019.
             Was the Champion of Qazlal.
             Escaped with the Orb
             ... and 5 runes!
             The game lasted 00:34:41 (7228 turns).

nuthulu the Wrestler (Troll Monk)                   Turns: 7228, Time: 00:34:42

HP:   210/210 (218) AC: 35    Str: 25    XL:     18   Next: 39%
MP:   32/32         EV: 23    Int:  2    God:    Qazlal [******]
Gold: 2479          SH: 45    Dex: 22    Spells: 17/17 levels left

rFire    + + +     SeeInvis +     - Unarmed
rCold    + + +     Gourm    +   Q - +10 large shield of Ignorance {rN+ Int-4}
rNeg     + + +     Faith    .   P - +0 gold dragon scales
rPois    +         Spirit   .   N - +0 hat "Roevuud" {rF+ rC+ Str-5 Dex+7}
rElec    .         Reflect  +   X - +4 dragonskin cloak
rCorr    .         Harm     .   (gloves unavailable)
MR       +....     NoTele   +   (boots unavailable)
Stlth    ..........             D - +3 amulet of reflection
HPRegen  0.85/turn              M - ring "Capoehum" {rPois rN+ Dex+3 SInv}
MPRegen  0.23/turn              C - +6 ring of evasion

@: studying 2 skills, repel missiles
A: large, unfitting armour, claws 3, icy blue scales 1, yellow scales 1, fast
metabolism 3, gourmand, sense surroundings 1, regeneration 1, shaggy fur 1,
tough skin 3
0: Orb of Zot
}: 5/10 runes: decaying, barnacled, silver, golden, demonic
a: Upheaval, Elemental Force, Disaster Area, Renounce Religion


You escaped.
You worshipped Qazlal.
Qazlal was exalted by your worship.
You were not hungry.

You visited 1 branch You collected 4002 gold pieces.
You spent 1523 gold pieces at shops.

Inventory:

Missiles
 O - a throwing net (quivered)
Armour
 a - a +0 robe
 d - the +3 troll leather armour "Geemith" {rElec MR+ Regen+}
   (You acquired it in the Dungeon)

   It insulates you from electricity.
   It affects your resistance to hostile enchantments.
   It increases your rate of regeneration.
 o - a +2 shield of reflection
 p - a +3 troll leather armour {Snorg}
 t - a +1 hat of see invisible
 N - the +0 hat "Roevuud" (worn) {rF+ rC+ Str-5 Dex+7}
   (You acquired it in the Dungeon)

   It affects your strength (-5).
   It affects your dexterity (+7).
   It protects you from fire.
   It protects you from cold.
 P - +0 gold dragon scales (worn)
 Q - the +10 large shield of Ignorance (worn) {rN+ Int-4}
   (You acquired it in the Dungeon)

   It affects your intelligence (-4).
   It protects you from negative energy.
 U - a scarf of resistance
 V - a +2 cloak of magic resistance
 X - the +4 dragonskin cloak (worn)
   (You took it off Tiamat in the Dungeon)
Jewellery
 m - an uncursed ring of protection from fire
 q - an uncursed ring of flight
 u - a +3 ring of intelligence
 v - an uncursed amulet of faith
 x - an uncursed ring of protection from fire
 A - a +3 ring of strength
 B - an uncursed ring of poison resistance
 C - a +6 ring of evasion (right claw)
 D - a +3 amulet of reflection (around neck)
 F - a +2 ring of evasion
 G - the ring "Nenlahoe" {rCorr rF+ Int+6 Slay-4}
   (You found it in the Dungeon)

   [ring of resist corrosion]

   It affects your intelligence (+6).
   It affects your accuracy and damage with ranged weapons and melee attacks
   (-4).
   It protects you from fire.
 H - a +3 ring of dexterity {unknown}
 L - the ring of Jinog {Fire rPois Str+4 Int+3 Stlth-}
   (You found it in the Dungeon)

   [ring of fire]

   It enhances your fire magic.
   It affects your strength (+4).
   It affects your intelligence (+3).
   It protects you from fire.
   It makes you vulnerable to cold.
   It protects you from poison.
   It makes you less stealthy.
 M - the ring "Capoehum" (left claw) {rPois rN+ Dex+3 SInv}
   (You found it in the Dungeon)

   [ring of positive energy]

   It affects your dexterity (+3).
   It protects you from poison.
   It protects you from negative energy.
   It lets you see invisible.
 R - an uncursed ring of resist corrosion {unknown}
 T - an uncursed ring of fire
Wands
 y - a wand of iceblast (18)
 I - a wand of clouds (6)
 W - a wand of digging (3)
 Z - a wand of acid (7)
Scrolls
 h - a scroll of blinking
 j - 3 scrolls of immolation
 l - 6 scrolls of remove curse
 r - 2 scrolls of fog
 w - 4 scrolls of amnesia
 E - 2 scrolls of silence {unknown}
 S - 2 scrolls of magic mapping
Potions
 c - 3 potions of curing
 e - 2 potions of haste
 f - a potion of magic
 g - a potion of berserk rage
 i - a potion of mutation
 n - 6 potions of flight
 s - a potion of lignification
 z - a potion of resistance
 Y - a potion of brilliance {unknown}
Books
 J - a manual of Short Blades
 K - a manual of Translocations
Miscellaneous
 k - a lamp of fire
Comestibles
 b - 21 rations


   Skills:
 + Level 22.2 Fighting
 + Level 18.3 Armour
 + Level 22.2 Dodging
 - Level 1.0 Stealth
 - Level 20.1 Shields
 + Level 25.5 Unarmed Combat
 + Level 22.9 Invocations


You had 17 spell levels left.
You didn't know any spells.
Your spell library contained the following spells:

 Spells                   Type           Power        Failure   Level  Hunger
 Animate Skeleton         Necr           N/A          100%        1    ##.....
 Apportation              Tloc           #.....       100%        1    ##.....
 Confusing Touch          Hex            #.....       100%        1    ##.....
 Flame Tongue             Conj/Fire      #....        100%        1    ##.....
 Infusion                 Chrm           #...         100%        1    ##.....
 Magic Dart               Conj           #...         100%        1    ##.....
 Pain                     Necr           #...         100%        1    ##.....
 Summon Butterflies       Summ           #.......     100%        1    ##.....
 Summon Small Mammal      Summ           #...         100%        1    ##.....
 Searing Ray              Conj           #.....       100%        2    ###....
 Shroud of Golubria       Chrm/Tloc      #.........   100%        2    ###....
 Song of Slaying          Chrm           #.......     100%        2    ###....
 Swiftness                Chrm/Air       #.......     100%        2    ###....
 Throw Flame              Conj/Fire      #.....       100%        2    ###....
 Confuse                  Hex            #.......     100%        3    ####...
 Conjure Flame            Conj/Fire      #.......     100%        3    ####...
 Dazzling Spray           Conj/Hex       #.....       100%        3    ####...
 Gell's Gravitas          Tloc           #.........   100%        3    ####...
 Ignite Poison            Fire/Tmut/Pois #.......     100%        3    ####...
 Inner Flame              Hex/Fire       #.......     100%        3    ####...
 Lesser Beckoning         Tloc           #.........   100%        3    ####...
 Regeneration             Chrm/Necr      #.........   100%        3    ####...
 Spectral Weapon          Hex/Chrm       #.......     100%        3    ####...
 Tukima's Dance           Hex            #.......     100%        3    ####...
 Vampiric Draining        Necr           #.........   100%        3    ####...
 Animate Dead             Necr           N/A          100%        4    #####..
 Force Lance              Conj/Tloc      #.......     100%        4    #####..
 Fulminant Prism          Conj/Hex       #.........   100%        4    #####..
 Iskenderun's Mystic Bla  Conj           #.......     100%        4    #####..
 Petrify                  Tmut/Erth      #.......     100%        4    #####..
 Sticky Flame             Conj/Fire      #.......     100%        4    #####..
 Alistair's Intoxication  Tmut/Pois      #.......     100%        5    ######.
 Excruciating Wounds      Chrm/Necr      #.........   100%        5    ######.
 Fireball                 Conj/Fire      #.........   100%        5    ######.
 Metabolic Englaciation   Hex/Ice        #.........   100%        5    ######.
 Yara's Violent Unravell  Hex/Tmut       #.........   100%        5    ######.
 Invisibility             Hex            #.......     100%        6    #######


Dungeon Overview and Level Annotations

Branches:
Dungeon (1/1)

Altars:
Cheibriados
Dithmenos
Elyvilon
Fedhas
Gozag
Hepliaklqana
Kikubaaqudgha
Makhleb
Nemelex Xobeh
Okawaru
Qazlal
Ru
Sif Muna
Trog
Uskayaw
Vehumet
Wu Jian
Xom
Yredelemnul
Zin
The Shining One
Beogh
Jiyva
Lugonu

Shops:
D [}!%(%}[%[[%%:[(}[*?}*!=


Innate Abilities, Weirdness & Mutations

You are too large for most types of armour.
You have claws for hands.
Your metabolism is lightning-fast.
You like to eat raw meat.
Your natural rate of healing is unusually fast.
You are covered in fur. (AC +1)
You have extremely tough skin. (AC +3)
You are partially covered in icy blue scales. (AC +2)
You are partially covered in yellow scales. (AC +2)
You passively map a small area around you.


Message History

You block the reaper's attack.
You eviscerate the reaper!!!
You kill the reaper!
Qazlal accepts your kill.
A sun demon comes into view.
You see here a +0 scythe of protection.
Your gold dragon scales prevents you from hitting the sun demon.
You eviscerate the sun demon!!!!
You kill the sun demon!
Qazlal accepts your kill.
There is a fountain of clear blue water here.
There is an open door to the Ecumenical Temple here.
There is an open door here.
Things that are here:
a +0 robe; a +0 club
There is an open door here.
There is an open door here.
There is a staircase leading out of the dungeon here.
You can't go down here!
You have escaped!

▓▓▓▓▓▓▓▓▓▓▓▓▓ ▓▓
▓@.#..'...♣.♣♣ ♣.
▓..#..#......♣ ♣♣.
▓#'####.....♣♣ *..
▓.....#....≈♣♣♣♣♣.
▓.....#...≈≈..♣...
▓....(#..≈≈≈≈♣♣.♣.
▓####'#..≈≈≈≈≈≈♣♣.
▓.....#.≈≈≈≈≈≈....
▓.[...#.≈≈≈≈≈.....


There were no monsters in sight!

Vanquished Creatures
  A pandemonium lord (D)
  Tiamat (D)
  An orb of fire (D)
  Mara (D)
  Mennas (D)
  Sojobo (D)
  An ancient lich (D)
  Boris (D)
  2 greater mummies (D)
  A Killer Klown (D)
  Xtahua (D)
  3 golden dragons (D)
  Nikola (D)
  Nellie (D)
  Rupert (D)
  2 liches (D)
  3 Orb Guardians (D)
  5 deep elf blademasters (D)
  A titan (D)
  An Executioner (D)
  Frances (D)
  Gastronok (D)
  2 sphinxes (D)
  Chuck (D)
  Roxanne (D)
  2 storm dragons (D)
  3 shadow dragons (D)
  A kraken (D)
  Donald (D)
  A frost giant (D)
  3 fire giants (D)
  4 draconian stormcallers (D)
  A reaper (D)
  A deep elf demonologist (D)
  2 vampire knights (D)
  Nessos (D)
  Azrael (D)
  2 deep elf annihilators (D)
  2 dire elephants (D)
  A yellow draconian (D)
  Snorg (D)
  6 mummy priests (D)
  5 fire dragons (D)
  3 yaktaur captains (D)
  2 deep elf high priests (D)
  A hydra (D)
  18 vault guards (D)
  4 hell beasts (D)
  3 alligator snapping turtles (D)
  2 centaur warriors (D)
  4 dancing weapons (D)
  An ogre mage (D)
  4 death yaks (D)
  2 soul eaters (D)
  2 titan zombies (D)
  Urug (D)
  An iron golem (D)
  3 sun demons (D)
  A deep elf knight (D)
  A death drake (D)
  6 skeletal warriors (D)
  A shadow wraith (D)
  A sixfirhy (D)
  An unseen horror (D)
  4 hell knights (D)
  A spriggan druid (D)
  A glowing orange brain (shapeshifter) (D)
  2 obsidian statues (D)
  A golden dragon zombie (D)
  A glowing orange brain (D)
  4 orc knights (D)
  A lindwurm (D)
  4 crystal guardians (D)
  2 oklob plants (D)
  A shining eye (D)
  6 deep elf magi (D)
  A faun (shapeshifter) (D)
  A moth of wrath (D)
  6 ugly things (D)
  2 black mambas (D)
  A water nymph (shapeshifter) (D)
  2 elephants (D)
  A molten gargoyle (D)
  2 spiny frogs (D)
  A rime drake (D)
  A yaktaur (D)
  A komodo dragon (D)
  2 ice devils (D)
  2 anaconda simulacra (D)
  A queen bee (D)
  16 guardian mummies (D)
  4 spriggan defenders (D)
  7 slime creatures (D)
  3 hornets (D)
  4 statues (D)
  8 blink frogs (D)
  2 tyrant leeches (D)
  An orc high priest (D)
  3 snapping turtles (D)
  3 wandering mushrooms (D)
  2 spriggans (D)
  A shadow (D)
  3 redbacks (D)
  A spatial vortex (D)
  2 iron troll simulacra (D)
  2 floating eyes (D)
  2 hell hounds (D)
  A hydra simulacrum (D)
  A floating eye (shapeshifter) (D)
  2 orc warriors (D)
  A swamp drake (D)
  A fire dragon simulacrum (D)
  A necrophage (D)
  2 centaurs (D)
  An earth elemental (D)
  A water elemental (D)
  32 killer bees (D)
  4 electric eels (D)
  5 orc priests (D)
  A jelly (D)
  A wizard (D)
  Jessica (D)
  2 necromancers (D)
  An orc wizard (D)
  A polar bear simulacrum (D)
  A wolf simulacrum (D)
  A kobold demonologist (D)
  3 humans (D)
  A wolf (D)
  An ooze (D)
  9 orcs (D)
  2 rats (D)
  13 butterflies (D)
  A fungus (D)
  20 plants (D)
363 creatures vanquished.

Vanquished Creatures (others)
  A deep elf master archer (D)
  2 draconian scorchers (D)
  A stone giant (D)
  2 hydras (D)
  A centaur warrior (D)
  4 statues (D)
  4 yaktaurs (D)
  6 hellions (D)
  A guardian mummy (D)
  An orc high priest (D)
  A golden eye (D)
  An electric eel (D)
  2 orc priests (D)
  7 ball lightnings (D)
  A ballistomycete spore (D)
  2 bushes (D)
  A fungus (D)
  21 plants (D)
  8 tentacles (D)
67 creatures vanquished.

Grand Total: 430 creatures vanquished

Notes
Turn   | Place    | Note
-------+----------+-------------------------------------------
     0 | D        | nuthulu the Troll Monk began the quest for the Orb.
     0 | D        | Reached XP level 1. HP: 22/22 MP: 0/0
    22 | D        | Noticed Jessica
    34 | D        | Killed Jessica
    34 | D        | Reached skill level 4 in Unarmed Combat
    34 | D        | Reached XP level 2. HP: 22/32 MP: 1/1
    34 | D        | Reached XP level 3. HP: 27/39 MP: 2/2
    81 | D        | Reached skill level 5 in Unarmed Combat
   100 | D        | Killed a hellion
   125 | D        | Gained mutation: You possess an exceptional clarity of
                  | mind. [potion of mutation]
   125 | D        | Gained mutation: You are frail. (-10% HP) [potion of
                  | mutation]
   125 | D        | Gained mutation: You are partially covered in yellow
                  | scales. (AC +2) [potion of mutation]
   126 | D        | Lost mutation: You possess an exceptional clarity of mind.
                  | [potion of mutation]
   126 | D        | Lost mutation: You are frail. (-10% HP) [potion of
                  | mutation]
   126 | D        | Gained mutation: You are partially covered in icy blue
                  | scales. (AC +2) [potion of mutation]
   126 | D        | Gained mutation: You passively map a small area around you.
                  | [potion of mutation]
   145 | D        | Noticed a water elemental
   147 | D        | Killed a hellion
   148 | D        | Killed a water elemental
   148 | D        | Reached skill level 5 in Fighting
   148 | D        | Reached skill level 5 in Dodging
   148 | D        | Reached skill level 6 in Unarmed Combat
   148 | D        | Reached XP level 4. HP: 50/50 MP: 3/3
   158 | D        | Noticed a shadow
   162 | D        | Killed a shadow
   162 | D        | Reached skill level 7 in Unarmed Combat
   162 | D        | Reached XP level 5. HP: 61/61 MP: 4/4
   162 | D        | Reached XP level 6. HP: 68/68 MP: 5/5
   165 | D        | Reached skill level 8 in Unarmed Combat
   168 | D        | Killed a hellion
   175 | D        | Found a blossoming altar of Fedhas.
   175 | D        | Found a stormy altar of Qazlal.
   175 | D        | Found a snail-covered altar of Cheibriados.
   175 | D        | Found a burning altar of Makhleb.
   175 | D        | Found a shimmering altar of Xom.
   175 | D        | Noticed a spatial vortex
   176 | D        | Found a hazy altar of Hepliaklqana.
   176 | D        | Found an opulent altar of Gozag.
   176 | D        | Found a sparkling altar of Nemelex Xobeh.
   176 | D        | Found a corrupted altar of Lugonu.
   176 | D        | Found a viscous altar of Jiyva.
   179 | D        | Became a worshipper of Qazlal Stormbringer
   179 | D        | Reached * piety under Qazlal
   179 | D        | Reached ** piety under Qazlal
   184 | D        | Killed a hellion
   185 | D        | Killed a spatial vortex
   192 | D        | Killed a white draconian scorcher
   205 | D        | Killed a white draconian scorcher
   208 | D        | Found a basalt altar of Yredelemnul.
   208 | D        | Found a shadowy altar of Dithmenos.
   208 | D        | Found a sacrificial altar of Ru.
   208 | D        | Killed a hellion
   211 | D        | Reached skill level 9 in Unarmed Combat
   215 | D        | Reached skill level 1 in Invocations
   215 | D        | Reached XP level 7. HP: 60/79 MP: 5/7
   253 | D        | Found a radiant altar of Vehumet.
   254 | D        | Found a deep blue altar of Sif Muna.
   254 | D        | Found an ancient bone altar of Kikubaaqudgha.
   263 | D        | Reached *** piety under Qazlal
   290 | D        | Killed a hellion
   305 | D        | Killed a yaktaur
   356 | D        | Found a glowing silver altar of Zin.
   357 | D        | Found a glowing golden altar of the Shining One.
   357 | D        | Found a white marble altar of Elyvilon.
   357 | D        | Noticed a deep elf mage
   360 | D        | Killed a deep elf mage
   360 | D        | Reached skill level 10 in Unarmed Combat
   378 | D        | Found a hide-covered altar of Uskayaw.
   378 | D        | Found a roughly hewn altar of Beogh.
   378 | D        | Found an iron altar of Okawaru.
   378 | D        | Found a bloodstained altar of Trog.
   378 | D        | Found an ornate altar of the Wu Jian Council.
   378 | D        | Noticed a human
   378 | D        | Noticed a human
   385 | D        | Killed a human
   385 | D        | Reached XP level 8. HP: 86/89 MP: 10/10
   388 | D        | Reached **** piety under Qazlal
   388 | D        | Reached skill level 5 in Invocations
   413 | D        | Noticed Snorg
   427 | D        | Killed Snorg
   427 | D        | Reached skill level 11 in Unarmed Combat
   427 | D        | Reached XP level 9. HP: 36/101 MP: 10/12
   586 | D        | Noticed a centaur warrior
   591 | D        | Killed a centaur warrior
   591 | D        | Reached skill level 10 in Fighting
   591 | D        | Reached skill level 10 in Dodging
   593 | D        | Reached skill level 12 in Unarmed Combat
   740 | D        | Killed an unseen horror
   740 | D        | Reached ***** piety under Qazlal
   768 | D        | Found Qushy's Food Shoppe.
   769 | D        | Noticed an orc knight
   794 | D        | Reached ****** piety under Qazlal
   804 | D        | Killed an orc knight
   804 | D        | Reached XP level 10. HP: 37/111 MP: 8/15
   958 | D        | Reached skill level 13 in Unarmed Combat
  1121 | D        | Reached skill level 10 in Invocations
  1135 | D        | Noticed a spiny frog
  1135 | D        | Noticed a spiny frog
  1154 | D        | Killed a spiny frog
  1154 | D        | Killed an eight-headed hydra
  1156 | D        | Killed a spiny frog
  1214 | D        | Killed a four-headed hydra
  1217 | D        | Noticed Donald
  1217 | D        | Noticed Frances
  1224 | D        | Noticed an orange demon
  1225 | D        | Killed Donald
  1225 | D        | Reached skill level 14 in Unarmed Combat
  1225 | D        | Reached XP level 11. HP: 103/123 MP: 16/18
  1229 | D        | Noticed a soul eater
  1245 | D        | Noticed a soul eater
  1245 | D        | Killed Frances
  1345 | D        | Noticed a yaktaur captain
  1352 | D        | Noticed a skeletal warrior
  1357 | D        | Killed a skeletal warrior
  1357 | D        | Reached skill level 1 in Shields
  1397 | D        | Noticed an obsidian statue
  1465 | D        | Noticed a lindwurm
  1474 | D        | Killed a lindwurm
  1547 | D        | Noticed Urug
  1551 | D        | Killed Urug
  1551 | D        | Reached skill level 15 in Unarmed Combat
  1559 | D        | Noticed a death drake
  1574 | D        | Killed a death drake
  1759 | D        | Found a blossoming altar of Fedhas.
  1759 | D        | Noticed a spriggan druid
  1769 | D        | Killed a spriggan druid
  1802 | D        | Noticed a kraken
  1909 | D        | Reached XP level 12. HP: 86/134 MP: 20/20
  1957 | D        | Noticed Rupert
  1972 | D        | Killed Rupert
  1972 | D        | Reached skill level 5 in Shields
  2106 | D        | Noticed a dire elephant
  2108 | D        | Noticed a dire elephant
  2125 | D        | Killed a dire elephant
  2135 | D        | Killed a dire elephant
  2135 | D        | Reached skill level 16 in Unarmed Combat
  2151 | D        | Noticed Gastronok
  2164 | D        | Killed Gastronok
  2175 | D        | Noticed an azure jelly
  2175 | D        | Noticed an azure jelly
  2175 | D        | Noticed an azure jelly
  2175 | D        | Noticed an azure jelly
  2205 | D        | Noticed a death yak
  2205 | D        | Noticed a death yak
  2206 | D        | Noticed a death yak
  2215 | D        | Noticed a death yak
  2219 | D        | Killed a death yak
  2232 | D        | Killed a death yak
  2236 | D        | Killed a death yak
  2244 | D        | Killed a death yak
  2288 | D        | Noticed a fire dragon
  2294 | D        | Killed a fire dragon
  2295 | D        | Noticed a fire dragon
  2302 | D        | Killed a fire dragon
  2311 | D        | Noticed a fire dragon
  2320 | D        | Killed a fire dragon
  2324 | D        | Noticed a fire dragon
  2343 | D        | Killed a fire dragon
  2343 | D        | Reached XP level 13. HP: 86/146 MP: 22/22
  2402 | D        | Found Jynafuig's Antique Armour Shoppe.
  2402 | D        | Found Nopiotit's Gadget Boutique.
  2402 | D        | Found Qidax's Distillery.
  2411 | D        | Noticed Xtahua
  2413 | D        | Killed Xtahua
  2413 | D        | Reached skill level 17 in Unarmed Combat
  2450 | D        | Got a decaying rune of Zot
  2563 | D        | Killed a kraken
  2563 | D        | Reached skill level 1 in Armour
  2612 | D        | Reached skill level 15 in Fighting
  2612 | D        | Reached skill level 15 in Dodging
  2711 | D        | Found Toeduq's Gadget Boutique.
  2711 | D        | Found Gepsapomm's Food Shop.
  2711 | D        | Found Fouqil's Antique Weapon Emporium.
  2719 | D        | Got a barnacled rune of Zot
  2955 | D        | Noticed a fire dragon
  2961 | D        | Killed a fire dragon
  3138 | D        | Reached skill level 10 in Shields
  3162 | D        | Found Dovon's Armour Emporium.
  3162 | D        | Found Xied's Magic Scroll Shop.
  3162 | D        | Found Olauzes's Antique Weapon Boutique.
  3162 | D        | Found Necepas's Jewellery Shoppe.
  3162 | D        | Found Yptuyzyg's Gadget Boutique.
  3162 | D        | Found Zatremou's Assorted Antiques.
  3162 | D        | Found Gonaorhe's Antique Armour Shoppe.
  3162 | D        | Found Qamom's Distillery.
  3162 | D        | Found Lyteg's Book Shop.
  3162 | D        | Found Kovies's Assorted Antiques.
  3162 | D        | Found Ferery's Food Emporium.
  3162 | D        | Found Sudiag's Gadget Boutique.
  3201 | D        | Bought a scroll of magic mapping for 35 gold pieces
  3208 | D        | Bought a glass ring for 115 gold pieces
  3225 | D        | Bought an uncursed ring of poison resistance for 200 gold
                  | pieces
  3225 | D        | Bought a +6 ring of evasion for 780 gold pieces
  3229 | D        | Bought a +3 amulet of reflection for 157 gold pieces
  3345 | D        | Reached skill level 15 in Invocations
  3360 | D        | Reached skill level 18 in Unarmed Combat
  3365 | D        | Noticed a deep elf annihilator
  3367 | D        | Noticed a deep elf demonologist
  3371 | D        | Reached skill level 5 in Armour
  3372 | D        | Noticed a deep elf master archer
  3374 | D        | Killed a deep elf master archer
  3374 | D        | Reached XP level 14. HP: 121/159 MP: 9/24
  3521 | D        | Got a shimmering brass ring
  3527 | D        | Got a vibrating wooden ring
  3527 | D        | Got a coiled granite ring
  3535 | D        | Identified the ring "Nenlahoe" {rCorr rF+ Int+6 Slay-4}
                  | (You found it in the Dungeon)
  3536 | D        | Identified the ring of Jinog {Fire rPois Str+4 Int+3
                  | Stlth-} (You found it in the Dungeon)
  3537 | D        | Identified the ring "Capoehum" {rPois rN+ Dex+3 SInv} (You
                  | found it in the Dungeon)
  3637 | D        | Noticed Azrael
  3649 | D        | Killed Azrael
  3686 | D        | Got a faintly humming hat
  3697 | D        | Identified the +0 hat "Roevuud" {rF+ rC+ Str-5 Dex+7} (You
                  | acquired it in the Dungeon)
  3700 | D        | Got a spiked troll leather armour
  3711 | D        | Identified the +3 troll leather armour "Geemith" {rElec MR+
                  | Regen+} (You acquired it in the Dungeon)
  3794 | D        | Noticed Chuck
  3813 | D        | Noticed Sojobo
  3863 | D        | Killed Sojobo
  3973 | D        | Noticed a lich
  3981 | D        | Killed a lich
  3981 | D        | Reached skill level 19 in Unarmed Combat
  4005 | D        | Noticed a shadow dragon
  4006 | D        | Noticed a shadow dragon
  4023 | D        | Killed a shadow dragon
  4024 | D        | Killed a shadow dragon
  4139 | D        | Noticed a golden dragon
  4139 | D        | Noticed a fire giant
  4139 | D        | Noticed a titan
  4139 | D        | Noticed a shadow dragon
  4139 | D        | Noticed a fire giant
  4139 | D        | Noticed a golden dragon
  4139 | D        | Noticed a stone giant
  4141 | D        | Killed a fire giant
  4141 | D        | Killed a shadow dragon
  4141 | D        | Reached XP level 15. HP: 174/174 MP: 18/26
  4141 | D        | Killed a titan
  4141 | D        | Reached skill level 10 in Armour
  4141 | D        | Killed a fire giant
  4141 | D        | Reached skill level 20 in Unarmed Combat
  4142 | D        | Noticed a golden dragon
  4146 | D        | Killed a golden dragon
  4146 | D        | Killed a golden dragon
  4158 | D        | Killed a golden dragon
  4171 | D        | Found the +5 scythe "Finisher" {speed, eviscerate}
  4181 | D        | Got a silver rune of Zot
  4248 | D        | Found the +10 large shield of Ignorance {rN+ Int-4}
  4364 | D        | Killed Chuck
  4532 | D        | Reached skill level 21 in Unarmed Combat
  4565 | D        | Noticed a lich
  4572 | D        | Paralysed by a lich for 6 turns
  4583 | D        | Killed a lich
  4601 | D        | Noticed a sphinx
  4602 | D        | Noticed a sphinx
  4603 | D        | Killed a sphinx
  4603 | D        | Reached skill level 15 in Shields
  4603 | D        | Killed a sphinx
  4603 | D        | Reached XP level 16. HP: 188/188 MP: 28/28
  4899 | D        | Noticed a greater mummy
  4899 | D        | Noticed a greater mummy
  4921 | D        | Killed a greater mummy
  5198 | D        | Lost intelligence.
  5231 | D        | Killed a greater mummy
  5265 | D        | Got a golden rune of Zot
  5271 | D        | Identified the Almanac of Helpful Transformation
  5526 | D        | Noticed Mara
  5532 | D        | Noticed nuthulu's illusion
  5569 | D        | Reached skill level 22 in Unarmed Combat
  5577 | D        | Killed Mara
  5661 | D        | Noticed Boris
  5670 | D        | Killed Boris
  5726 | D        | Found Obokleor's Food Emporium.
  5726 | D        | Found Foennesi's Armour Shop.
  5726 | D        | Found Qareadd's Armour Shop.
  5726 | D        | Found Goaxu's Food Shoppe.
  5739 | D        | Bought a +2 cloak of magic resistance for 236 gold pieces
  5786 | D        | Noticed Nikola
  5786 | D        | Noticed a storm dragon
  5799 | D        | Killed a storm dragon
  5804 | D        | Killed Nikola
  5895 | D        | Found Koenk's Armour Boutique.
  5913 | D        | Noticed Roxanne
  5927 | D        | Reached XP level 17. HP: 196/196 MP: 30/30
  5931 | D        | Killed Roxanne
  5997 | D        | Noticed Mennas
  6048 | D        | Killed Mennas
  6048 | D        | Reached skill level 23 in Unarmed Combat
  6101 | D        | Reached skill level 15 in Armour
  6230 | D        | Noticed Nessos
  6236 | D        | Killed Nessos
  6308 | D        | Noticed a deep elf blademaster
  6309 | D        | Noticed a deep elf blademaster
  6309 | D        | Noticed a deep elf blademaster
  6309 | D        | Noticed a deep elf blademaster
  6309 | D        | Noticed a deep elf blademaster
  6310 | D        | Killed a deep elf blademaster
  6310 | D        | Killed a deep elf blademaster
  6310 | D        | Killed a deep elf blademaster
  6322 | D        | Killed a deep elf blademaster
  6326 | D        | Killed a deep elf blademaster
  6365 | D        | Noticed a Killer Klown
  6392 | D        | Killed a Killer Klown
  6416 | D        | Noticed an Orb Guardian
  6416 | D        | Noticed an Orb Guardian
  6425 | D        | Killed an Orb Guardian
  6429 | D        | Killed an Orb Guardian
  6445 | D        | Reached skill level 24 in Unarmed Combat
  6464 | D        | Noticed an ancient lich
  6480 | D        | Killed an ancient lich
  6686 | D        | Identified the +4 dragonskin cloak
  6686 | D        | Noticed Tiamat
  6718 | D        | Killed Tiamat
  6718 | D        | Reached XP level 18. HP: 165/207 MP: 27/32
  6735 | D        | Noticed an orb of fire
  6759 | D        | Killed an orb of fire
  6833 | D        | Got the Orb of Zot
  6883 | D        | Noticed Doozybi the pandemonium lord
  6894 | D        | Noticed an Orb Guardian
  6895 | D        | Noticed an Orb Guardian
  6895 | D        | Noticed an Orb Guardian
  6895 | D        | Noticed an Orb Guardian
  6895 | D        | Noticed an Orb Guardian
  6899 | D        | Noticed an Orb Guardian
  6899 | D        | Noticed an Orb Guardian
  6905 | D        | Killed Doozybi the pandemonium lord
  6905 | D        | Reached skill level 25 in Unarmed Combat
  7096 | D        | Noticed Nellie
  7120 | D        | Killed Nellie
  7132 | D        | Got a demonic rune of Zot
  7163 | D        | Noticed an Orb Guardian
  7169 | D        | Killed an Orb Guardian
  7228 | D        | Escaped with the Orb!

Skill      XL: |  1  2  3  4  5  6  7  8  9 10 11 12 13 14 15 16 17 18 |
---------------+-------------------------------------------------------+-----
Fighting       | 3 5 6 7 8 9 10 12 13 14 15 17 18 19 21 22 | 22.2
Dodging        | 3 5 6 7 8 9 10 12 13 14 15 17 18 19 21 22 | 22.2
Unarmed Combat | 4 6 7 9 10 11 12 14 15 16 18 19 21 22 24 25 | 25.5
Invocations    | 1 4 6 8 10 12 13 15 16 18 20 22 | 22.9
Shields        | 4 8 10 12 15 18 20 | 20.1
Armour         | 5 9 12 14 17 18 | 18.3
Stealth        | |  1.0

Action                   |  1- 3 |  4- 6 |  7- 9 | 10-12 | 13-15 | 16-18 || total
-------------------------+-------+-------+-------+-------+-------+-------++-------
Melee: Unarmed           |    27 |    16 |    82 |   303 |   359 |   493 ||  1280
       Punch             |     1 |       |     8 |     9 |       |       ||    18
Invok: Disaster Area     |       |       |     1 |     3 |    13 |    19 ||    36
       Elemental Force   |       |       |       |     3 |       |       ||     3
 Abil: Evoke Flight      |       |       |       |       |     7 |     3 ||    10
       Stop Flying       |       |       |       |       |     1 |       ||     1
Evoke: Wand              |       |       |       |       |       |     2 ||     2
  Use: Scroll            |     3 |       |       |     8 |     9 |     6 ||    26
       Potion            |     2 |       |     1 |     1 |     4 |     2 ||    10
 Stab: Sleeping          |     1 |       |       |       |       |       ||     1
       Confused          |       |       |       |     1 |       |       ||     1
  Eat: Chunk             |     3 |       |     8 |    16 |    18 |     3 ||    48
       Ration            |       |       |       |       |     1 |     4 ||     5
Armor: Robe              |    10 |     2 |    10 |       |       |       ||    22
       Troll leather arm |       |       |    15 |    55 |    25 |       ||    95
       Gold dragon scale |       |       |       |       |     8 |    74 ||    82
Dodge: Dodged            |    17 |     9 |    33 |    99 |    78 |    86 ||   322
       Deflected         |       |       |       |     5 |     1 |     6 ||    12
Block: Other             |       |       |    11 |    30 |       |       ||    41
       Shield            |       |       |       |   140 |   216 |       ||   356
       Reflection        |       |       |       |     1 |    23 |    36 ||    60
       Large shield      |       |       |       |       |    41 |   474 ||   515
